 Dungeon Crawl Stone Soup version 0.29.1-14-g9c671dbff4 (webtiles) character file.

Game seed: 12075393439453803820

832 zlionsfan the Chopper (level 7, -5/66 HPs)
             Began as a Naga Fighter on Feb 18, 2023.
             Was a Follower of Cheibriados.
             Killed from afar by a steam dragon (20 damage)
             ... with a ball of steam
             ... on level 5 of the Dungeon.
             The game lasted 00:12:20 (4904 turns).

zlionsfan the Chopper (Naga Fighter)                Turns: 4904, Time: 00:12:20

Health: -5/66      AC:  3    Str: 22    XL:     7   Next: 98%
Magic:  7/7        EV:  8    Int: 10    God:    Cheibriados [*.....]
Gold:   272        SH:  9    Dex: 13    Spells: 6/6 levels left

rFire   . . .      SeeInvis +   a - +7 Throatcutter {drain, coup de grace}
rCold   . . .      Faith    .   w - +0 kite shield
rNeg    . . .      Spirit   .   (no body armour)
rPois   +          Reflect  .   m - +0 helmet
rElec   .          Harm     .   (no cloak)
rCorr   .          Rampage  .   (no gloves)
Will    .....                   (no barding)
Stlth   ++........              (no amulet)
HPRegen 0.21/turn               (no ring)
MPRegen 0.10/turn               (no ring)

@: very slow
A: AC +2, large, see invisible, deformed body, poison resistance, slowness 2,
spit poison 1, naga tail 1
a: Spit Poison, Renounce Religion, Bend Time


You were on level 5 of the Dungeon.
You worshipped Cheibriados.
Cheibriados was aware of your devotion.
You visited 2 branches of the dungeon, and saw 6 of its levels.

You collected 272 gold pieces.

Inventory:

Hand Weapons
 a - the +7 Throatcutter (weapon) {drain, coup de grace}
   (You took it off Terence on level 3 of the Dungeon)

   A truly terrible weapon, it drains the life of any living foe it strikes.
   It may instantly kill foes which have little health.
 b - a +0 sling
 o - a +0 war axe
Missiles
 q - 3 javelins
Armour
 m - a +0 helmet (worn)
 r - a +0 chain mail
 w - a +0 kite shield (worn)
Jewellery
 l - a ring of fire
Wands
 v - a wand of flame (11)
Scrolls
 f - 4 scrolls of teleportation
 g - 3 scrolls of butterflies
 h - a scroll of magic mapping {unknown}
 i - a scroll of identify
 j - a scroll of poison {unknown}
 k - 2 scrolls of fear {unknown}
 p - a scroll of vulnerability {unknown}
 u - a scroll of enchant weapon {unknown}
Potions
 d - 3 potions of might
 e - 2 potions of curing
 n - 3 potions of invisibility
 s - a potion of heal wounds {unknown}
 t - a potion of brilliance {unknown}


   Skills:
 * Level 4.4 Fighting
 * Level 4.4 Long Blades
 + Level 4.9 Axes
 + Level 0.3 Ranged Weapons
 + Level 3.1 Armour
 + Level 0.7 Dodging
 + Level 1.5 Stealth
 * Level 3.9 Shields


You had 6 spell levels left.
You didn't know any spells.
Your spell library contained the following spells:

 Spells                   Type           Power      Damage    Failure   Level
 Tukima's Dance           Hex            0%         N/A       95%         3
 Passage of Golubria      Tloc           0%         N/A       100%        4
 Petrify                  Tmut/Erth      0%         N/A       100%        4
 Metabolic Englaciation   Hex/Ice        0%         N/A       100%        5
 Yara's Violent Unravell  Hex/Tmut       0%         3d3       100%        5
 Dispersal                Tloc           0%         N/A       100%        6
 Statue Form              Tmut/Erth      0%         N/A       100%        6
 Disjunction              Tloc           0%         N/A       100%        8


Dungeon Overview and Level Annotations

Branches:
Dungeon (5/15)             Temple (1/1) D:4

Altars:
Ashenzari
Cheibriados
Dithmenos
Elyvilon
Fedhas
Gozag
Hepliaklqana
Kikubaaqudgha
Makhleb
Okawaru
Ru
Sif Muna
Trog
Vehumet
Wu Jian
Xom
Yredelemnul
Zin
The Shining One

Annotations:
D:4 3 runed translucent doors, yourfavgirlally's ghost, amateur PaCA


Innate Abilities, Weirdness & Mutations

Your serpentine skin is tough. (AC +2)
You have supernaturally acute eyesight. (SInv)
Armour fits poorly on your strangely shaped body.
Your system is resistant to poisons. (rPois)
You cover ground very slowly.
You can spit poison.
You have a snake-like lower body.


Message History

You start putting on your armour.
You continue putting on your +0 kite shield. x5
You finish putting on your +0 kite shield.
You drop a +0 buckler.
g - 3 scrolls of butterflies (gained 1)
Found a stone staircase leading down.
k - 2 scrolls labelled BELEHOU YNGISCH (gained 1)
A steam dragon comes into view.
The steam dragon hisses angrily.
Aiming: Spit Poison (1% risk of failure)
Press: ? - help, Shift-Dir - straight line, f - steam dragon
Aim: a steam dragon (59% to hit)
The splash of poison hits the steam dragon.
The steam dragon is poisoned.
The steam dragon is lightly wounded.
The steam dragon breathes steam at you. The ball of steam hits you!!
You have got your breath back.
The steam dragon breathes steam at you. The ball of steam hits you!
You are engulfed in a cloud of scalding steam.
The steam dragon barely misses you.
The steam dragon claws you but does no damage.
You block the steam dragon's attack.
The steam dragon claws you but does no damage.
You closely miss the steam dragon.
The steam dragon is moderately wounded.
The steam dragon bites you. The steam dragon barely misses you.
You closely miss the steam dragon.
The steam dragon is moderately wounded.
The steam dragon looks more healthy.
You block the steam dragon's attack. The steam dragon claws you.
The steam dragon bites you.
* * * LOW HITPOINT WARNING * * *
The steam dragon claws you.
* * * LOW HITPOINT WARNING * * *
You slash the steam dragon! You drain the steam dragon.
The steam dragon is severely wounded.
The steam dragon breathes steam at you. The ball of steam hits you!!
You die...

#.# #...# #.# #####
##### #####.# #...#
..[...#
##########...######
#######
#..................
#...###############
#.§.# #### #§..#
...# ##@## ...# #D#
...# #.# ...# #.#
...# #.#
...######## #.#
........... ..#
...######## ###
##.#


You could see a steam dragon (catching breath, drained).

Vanquished Creatures
  A water moccasin (D:5)
  An ogre (D:4)
  A phantom (D:5)
  A bullfrog (D:5)
  A necrophage (D:5)
  A scorpion (D:5)
  An orc priest (D:4)
  A hound (D:5)
  Terence (D:3)
  2 iguanas (D:5)
  3 orc wizards
  5 adders
  A white imp (D:5)
  A dart slug (D:1)
  16 orcs
  8 endoplasms
  10 goblins
  4 hobgoblins
  19 jackals
  2 quokkas (D:2)
  10 ball pythons
  8 bats
  4 frilled lizards
  10 kobolds
  4 rats (D:1)
116 creatures vanquished.

Notes
Turn   | Place    | Note
-------+----------+-------------------------------------------
     0 | D:1      | zlionsfan the Naga Fighter began the quest for the Orb.
     0 | D:1      | Reached XP level 1. HP: 21/21 MP: 1/1
   122 | D:1      | Reached XP level 2. HP: 3/28 MP: 2/2
   406 | D:1      | Found a faded altar of an unknown god.
   573 | D:1      | Reached XP level 3. HP: 20/34 MP: 3/3
  1510 | D:2      | Reached XP level 4. HP: 38/42 MP: 4/4
  2451 | D:3      | Reached XP level 5. HP: 49/49 MP: 5/5
  2694 | D:3      | Noticed Terence
  2706 | D:3      | Killed Terence
  3306 | D:4      | Reached XP level 6. HP: 49/55 MP: 6/6
  3362 | D:4      | Reached skill level 1 in Long Blades
  3444 | D:4      | Found a staircase to the Ecumenical Temple.
  3450 | Temple   | Entered the Ecumenical Temple
  3528 | Temple   | Became a worshipper of Cheibriados the Contemplative
  3651 | D:4      | Found a runed translucent gate.
  3651 | D:4      | Found a runed translucent gate.
  3651 | D:4      | Found a runed translucent gate.
  3773 | D:4      | Noticed yourfavgirlally's ghost (amateur PaCA)
  4043 | D:5      | Entered Level 5 of the Dungeon
  4075 | D:5      | Noticed a water moccasin
  4084 | D:5      | Killed a water moccasin
  4085 | D:5      | Reached skill level 1 in Stealth
  4085 | D:5      | Reached XP level 7. HP: 64/64 MP: 7/7
  4238 | D:5      | Reached * piety under Cheibriados
  4895 | D:5      | Noticed a steam dragon
  4904 | D:5      | Killed from afar by a steam dragon

Illustrated notes

Levels and vault maps discovered:
D:1:      nicolae_arrival_somewhat_less_tricky_arrival, layout_rooms,
          basic_ecumenical_altar
D:2:      layout_loops_ring
D:3:      layout_loops_ring, uniq_terence
D:4:      layout_cave_pools, minmay_temple_entry_hall, ebering_ghost_rock_garden
D:5:      layout_basic, kennysheep_opposing_triangles
Temple:   nicolae_temple_bog_church

Skill      XL: |  1  2  3  4  5  6  7 |
---------------+----------------------+-----
Shields        | 3 |  3.9
Axes           | 3 4 |  4.9
Long Blades    | 2 4 |  4.4
Armour         | 3 |  3.1
Fighting       | 4 |  4.4
Stealth        | 1 |  1.5
Ranged Weapons | |  0.3
Dodging        | |  0.7

Action                   |  1- 3 |  4- 6 |  7- 9 || total
-------------------------+-------+-------+-------++-------
Melee: War axe           |    95 |   107 |       ||   202
       Long sword        |       |    30 |    40 ||    70
 Fire: Sling             |     3 |     2 |     5 ||    10
 Abil: Spit Poison       |    10 |    19 |     3 ||    32
  Use: Scroll            |       |     4 |       ||     4
Armor: Scale mail        |    54 |    56 |       ||   110
       Skin              |       |     3 |     4 ||     7
Dodge: Dodged            |    63 |    36 |    20 ||   119
Block: Buckler           |    27 |    30 |     7 ||    64
       Kite shield       |       |       |     2 ||     2
